 Dungeon Crawl Stone Soup version 0.29-a0-323-g050149af67 (webtiles) character file.

Game seed: 18084981430765773781

80 jdsmith2816 the Magician (level 4, -2/32 HPs)
             Began as a Mummy Hedge Wizard on Apr 10, 2022.
             Slain by a phantom (4 damage)
             ... on level 2 of the Dungeon.
             The game lasted 00:25:20 (2623 turns).

jdsmith2816 the Magician (Mummy Hedge Wizard)       Turns: 2623, Time: 00:25:20

Health: -2/32      AC:  3    Str: 13    XL:     4   Next: 18%
Magic:  0/10       EV: 11    Int: 15    God:
Gold:   146        SH:  5    Dex: 11    Spells: 0/11 levels left

rFire   x . .      SeeInvis .   f - +0 short sword
rCold   + . .      Faith    .   d - +2 buckler
rNeg    + + +      Spirit   .   b - +0 robe
rPois   ∞          Reflect  .   k - +0 hat
rElec   .          Harm     .   j - scarf {repulsion}
rCorr   .          Rampage  .   (no gloves)
Will    .....                   i - +0 pair of boots
Stlth   ++........              (no amulet)
HPRegen 0.10/turn               Z - ring of wizardry
MPRegen 0.12/turn               (no ring)

@: repel missiles
A: cold resistance 1, negative energy resistance 3, torment resistance 2, heat
vulnerability 1, in touch with death 1, no potions
a: no special abilities


You were on level 2 of the Dungeon.
You visited 1 branch of the dungeon, and saw 2 of its levels.

You collected 146 gold pieces.


Innate Abilities, Weirdness & Mutations

You are immune to poison.
Your flesh is cold resistant. (rC+)
You are immune to negative energy. (rN+++)
You are immune to unholy pain and torment.
You are vulnerable to heat. (rF-)
You are in touch with the powers of death.
You do not drink.


   Skills:
 + Level 1.2 Fighting
 - Level 1.5 Dodging
 - Level 1.5 Stealth
 + Level 4.4 Spellcasting
 * Level 2.0 Conjurations
 * Level 1.3 Summonings
 - Level 0.7 Translocations
 * Level 0.6 Air Magic
 * Level 0.6 Poison Magic


You couldn't memorise any spells.
You knew the following spells:

 Your Spells              Type           Power      Damage    Failure   Level
a - Magic Dart            Conj           36%        1d4       4%          1
b - Blink                 Tloc           10%        N/A       11%         2
d - Conjure Flame         Conj/Fire      6%         6-21      19%         3
f - Mephitic Cloud        Conj/Pois/Air  6%         N/A       17%         3
x - Call Imp              Summ           7%         N/A       9%          2

Your spell library contained the following spells:

 Spells                   Type           Power      Damage    Failure   Level
 Slow                     Hex            12%        N/A       10%         1

Inventory:

Hand Weapons
 f - a +0 short sword (weapon)
 h - a +0 hunting sling
Missiles
 g - 110 stones (quivered)
Armour
 b - a +0 robe (worn)
 d - a +2 buckler (worn)
 i - a +0 pair of boots (worn)
 j - a scarf of repulsion (worn)
 k - a +0 hat (worn)
Jewellery
 Z - a ring of wizardry (left hand)
Scrolls
 a - 2 scrolls of teleportation {unknown}
 e - a scroll of vulnerability {unknown}

Dungeon Overview and Level Annotations

Branches:
Dungeon (2/15)

Altars:

Shops:
D:1

: #.# ###....#..
#†#######......##.
#.##......##.#..##
#)##.#######.##..#
#.#..# #.###..
###.#.## #.# #.÷
#...#.# #.# #.[
#.###.# #.# ###
######..@W.# #.#####
#...)<.##### #..!##.
#.......# #####..
#.......### #..
######....#### #..
#.##....###########.
#.#####..<........##
###.###############..#
#......# ####


You could see a phantom.


Message History

The magic dart hits the phantom.
The phantom is severely damaged.
You block the phantom's attack. The phantom attacks as you move away!
The phantom hits you.
* * * LOW HITPOINT WARNING * * *
The phantom attacks as you move away! You block the phantom's attack.
The phantom attacks as you move away! The phantom hits you.
* * * LOW HITPOINT WARNING * * *
The phantom attacks as you move away! The phantom hits you.
* * * LOW HITPOINT WARNING * * *
Casting: Magic Dart (safe; 4% risk of failure)
Confirm with . or Enter, or press ? or * to list all spells.
Aiming: Magic Dart (safe; 4% risk of failure)
Press: ? - help, Shift-Dir - straight line, f/p - phantom
Aim: a phantom (severely damaged, 100% to hit)
The magic dart hits the phantom.
The phantom is severely damaged.
The phantom hits you.
* * * LOW HITPOINT WARNING * * *
The phantom blinks!
You blink.
The phantom attacks as you move away! The phantom misses you.
The phantom attacks as you move away! The phantom closely misses you.
You hit the phantom.
The phantom is severely damaged.
The phantom hits you.
* * * LOW HITPOINT WARNING * * *
The phantom hits you.
* * * LOW HITPOINT WARNING * * *
The phantom attacks as you move away! The phantom hits you.
You die...

Skill      XL: |  1  2  3 |
---------------+----------+-----
Conjurations   | 1 2 |  2.0
Fighting       | 1 |  1.2
Summonings     | 1 |  1.3
Dodging        | |  1.5
Stealth        | |  1.5
Spellcasting   | |  4.4
Translocations | |  0.7
Air Magic      | |  0.6
Poison Magic   | |  0.6

Action                   |  1- 3 |  4- 6 || total
-------------------------+-------+-------++-------
Melee: Dagger            |     2 |       ||     2
       Short sword       |     9 |     3 ||    12
 Cast: Magic Dart        |   120 |    19 ||   139
       Call Imp          |     3 |     4 ||     7
Armor: Robe              |     6 |     3 ||     9
Dodge: Dodged            |    24 |    10 ||    34
Block: Buckler           |     6 |     6 ||    12

Levels and vault maps discovered:
D:1:      dpeg_arrival_boxes_within_box, layout_basic,
          shapermc_ecumenical_altar_starsandcircs, serial_shops,
          nicolae_shop_temple_entry_statues_fountains
D:2:      kennysheep_six_static_rooms, layout_rooms

Notes
Turn   | Place    | Note
-------+----------+-------------------------------------------
     0 | D:1      | jdsmith2816 the Mummy Hedge Wizard began the quest for the
                  | Orb.
     0 | D:1      | Reached XP level 1. HP: 13/13 MP: 5/5
    72 | D:1      | Reached skill level 1 in Conjurations
   319 | D:1      | Reached XP level 2. HP: 20/20 MP: 4/7
   357 | D:1      | Learned a level 2 spell: Call Imp
   362 | D:1      | Learned a level 2 spell: Blink
   871 | D:1      | Reached skill level 1 in Fighting
  1094 | D:1      | Reached skill level 1 in Summonings
  1247 | D:1      | Gained mutation: You are in touch with the powers of death.
                  | [Mummy growth]
  1247 | D:1      | Reached XP level 3. HP: 26/26 MP: 4/8
  1360 | D:1      | Found a faded altar of an unknown god.
  1501 | D:1      | Learned a level 3 spell: Mephitic Cloud
  1532 | D:1      | Found Neewaeri's Book Boutique.
  2379 | D:2      | Reached skill level 2 in Conjurations
  2379 | D:2      | Reached XP level 4. HP: 31/32 MP: 5/10
  2426 | D:2      | Learned a level 3 spell: Conjure Flame
  2559 | D:2      | Noticed a phantom
  2622 | D:2      | HP: 2/32 [phantom (3)]
  2623 | D:2      | Slain by a phantom

Vanquished Creatures
  2 adders (D:2)
  3 dart slugs (D:1)
  5 bats (D:1)
  2 endoplasms (D:1)
  5 giant cockroaches
  5 goblins
  3 hobgoblins
  2 quokkas
  4 ball pythons
  5 kobolds
  3 rats
39 creatures vanquished.

Vanquished Creatures (collateral kills)
  An adder (D:2)
  An endoplasm (D:2)
  A hobgoblin (D:2)
  A ball python (D:2)
  A frilled lizard (D:2)
5 creatures vanquished.

Grand Total: 44 creatures vanquished

Table legend: (Time is in decaauts)
 A = Elapsed time spent in this place.
 B = Non-inter-level travel time spent in this place.
 C = Inter-level travel time spent in this place.
 D = Time resting spent in this place.
 E = Time spent auto-exploring this place.
 F = Levels seen in this place.
 G = Mean time per level.
                   A        B        C        D        E       F      G
               +--------+--------+--------+--------+--------+-----+--------+
         Total |   2623 |   2569 |     54 |    631 |   1474 |   2 | 1311.5 |
       Dungeon |   2623 |   2569 |     54 |    631 |   1474 |   2 | 1311.5 |
               +--------+--------+--------+--------+--------+-----+--------+

Top non-repeatable levels by time:
     D:1: 1690 daAuts
     D:2: 932 daAuts

Table legend:
 A = Non-vault XP
 B = Vault XP
 C = Vault XP percentage of total XP
 D = Non-vault monster count
 E = Vault monster count
 F = Vault count percentage of total count
                 A         B        C        D         E       F
            +---------+---------+-------+---------+---------+-------
      Total |     110 |       5 |   4.3 |      41 |       3 |   6.8
            +---------+---------+-------+---------+---------+-------
        D:1 |      51 |       0 |   0.0 |      26 |       0 |   0.0
        D:2 |      59 |       5 |   7.8 |      15 |       3 |  16.7
            +---------+---------+-------+---------+---------+-------
